Map: Snowbound Colony

Players

Looky

  • Race: Protoss Protoss
  • Spawn Location: 7:00

Badboo

  • Race: Terran Terran
  • Spawn Location: 6:00

Terran

  • Race: Protoss Protoss
  • League: Gold
  • Spawn Location: 7:00

Throwfordays - Winner!

  • Race: Protoss Protoss
  • League: Silver
  • Spawn Location: 1:00

Cthulhu - Winner!

  • Race: Zerg Zerg
  • Spawn Location: 12:00

Faust - Winner!

  • Race: Protoss Protoss
  • League: Diamond
  • Spawn Location: 1:00

VOD

Have the link to the VOD?

Description

Time

  • Played on: March 12, 2019, 11:20 p.m.
  • Length: 14:15
Show
View Real Time Build Order
Export as new Build Order

Looky Protoss 

Build Orders:  

Get SALT Encoding   

  1  0:00  Probe  
  13  0:08  Probe  
  14  0:19  Probe  
  14  0:20  Pylon  
  15  0:38  Probe  
  15  0:42  Gateway  
  16  0:49  Assimilator  
  16  0:50  Probe  
  17  0:59  Probe  
  18  1:07  Probe  
  18  1:12  Gateway  
  18  1:16  Probe  
  20  1:28  Probe  
  20  1:31  Cybernetics Core  
  21  1:36  Assimilator  
  21  1:38  Zealot  
  23  1:51  Warp Gate  
  23  1:52  Pylon  
  23  2:10  Probe  
  24  2:20  Stalker  
  26  2:23  Gateway  
  26  2:28  Gateway  
  26  2:32  Stalker  
  28  2:40  Pylon  
  28  2:58  Forge  
  28  3:02  Stalker  
  30  3:08  Protoss Ground Armor Level 1  
  30  3:12  Robotics Facility  
  30  3:20  Stalker  
  32  3:28  Pylon  
  32  3:51  Stalker x2  
  36  4:06  Observer  
  37  4:10  Probe  
  38  4:27  Nexus  
  38  4:44  Immortal  
  42  4:52  Pylon  
  42  5:01  Zealot  
  44  5:07  Stalker  
  41  5:30  Probe  
  42  5:38  Probe  
  46  6:20  Twilight Council  
  46  6:34  Observer  
  43  6:45  Photon Cannon  
  43  6:47  Photon Cannon  
  43  6:51  Blink  
  34  7:19  Probe  
  30  7:27  Probe  
  31  7:37  Probe  
  32  7:49  Probe  
  33  8:01  Probe  
  33  8:04  Photon Cannon  
  34  8:07  Probe  
  34  8:09  Probe  
  35  8:15  Probe  
  35  8:17  Probe  
  37  8:25  Probe  
  38  8:28  Probe  
  40  8:40  Probe  
  41  8:56  Stalker x2  
  41  8:57  Stargate  
  45  9:05  Photon Cannon  
  45  9:06  Probe  
  46  9:21  Observer  
  47  9:35  Probe  
  48  9:38  Probe  
  49  9:51  Stalker, Probe  
  52  9:55  Phoenix  
  54  10:03  Probe  
  55  10:15  Probe  
  56  10:22  Stalker x3  
  62  10:33  Probe x2  
  64  10:41  Probe  
  64  10:42  Probe  
  64  10:48  Phoenix  
  68  10:53  Stalker  
  70  11:00  Pylon  
  70  11:18  Probe  
  61  11:31  Stalker x2  
  61  11:32  Stalker x2  
  45  11:51  Phoenix  
  39  11:55  Stalker x4  
  46  12:27  Stalker x2  
  46  12:28  Stalker x2  
  28  12:41  Nexus  
  28  12:44  Stalker x2  
  12  13:48  Nexus  
Show
View Real Time Build Order
Export as new Build Order

Badboo Terran 

Build Orders:  

Get SALT Encoding   

  12  0:08  Refinery  
  12  0:24  Supply Depot  
  12  0:31  SCV  
  13  0:43  SCV  
  14  0:50  Barracks  
  14  1:17  SCV  
  15  1:24  Refinery  
  15  1:30  SCV  
  16  1:40  Factory  
  16  1:42  SCV, Barracks Tech Lab  
  17  1:54  SCV  
  18  2:04  Bunker  
  18  2:45  Orbital Command  
  18  2:47  Barracks Reactor  
  18  2:49  Siege Tank  
  21  2:54  Supply Depot  
  21  2:56  Supply Depot  
  21  3:09  Engineering Bay  
  21  3:21  Siege Tank  
  24  3:31  Marine x2  
  26  3:49  Marine x2  
  26  3:50  SCV  
  26  3:53  Siege Tank  
  32  4:02  SCV  
  33  4:06  Marine  
  33  4:07  Marine  
  35  4:14  Neosteel Armor  
  35  4:24  Marine  
  36  4:32  Command Center  
  36  4:58  Bunker  
  36  5:28  Bunker  
  36  5:29  Missile Turret  
  36  5:30  Marine x2  
  38  5:47  Marine  
  38  5:48  Marine  
  40  5:50  SCV  
  40  5:51  Missile Turret  
  38  6:00  Missile Turret  
  38  6:02  SCV  
  38  6:05  Marine  
  38  6:06  Marine  
  40  6:15  SCV  
  41  6:21  Missile Turret  
  41  6:22  Missile Turret  
  41  6:23  Marine  
  41  6:24  Marine  
  41  6:25  Bunker  
  43  6:27  SCV  
  44  6:39  SCV  
  43  6:51  SCV  
  44  7:07  Missile Turret  
  44  7:11  SCV  
  41  7:24  SCV  
  39  7:36  SCV, Missile Turret  
  40  7:39  Siege Tank  
  43  7:48  SCV  
  44  8:00  SCV  
  44  8:02  Missile Turret  
  45  8:07  Missile Turret  
  45  8:11  Siege Tank  
  45  8:12  SCV  
  49  8:24  SCV  
  50  8:37  Missile Turret  
  50  8:44  SCV  
  51  8:50  Marine x2  
  53  8:56  SCV  
  53  8:59  Missile Turret  
  54  9:17  Supply Depot  
  54  9:21  Marine x2, SCV  
  54  9:24  Hi-Sec Auto Tracking  
  57  9:33  SCV  
  57  9:39  Marine x2  
  57  9:45  SCV  
  60  9:48  Refinery  
  60  9:55  Refinery  
  60  9:57  Marine x2, SCV  
  63  10:02  Supply Depot  
  63  10:15  Marine x2  
  65  10:33  Marine x2  
  67  11:01  Missile Turret  
  67  11:04  Missile Turret  
  67  11:05  Missile Turret x2  
  67  11:22  Missile Turret  
  67  11:25  Missile Turret  
  67  11:43  Missile Turret  
  67  11:48  Missile Turret  
  67  12:20  Missile Turret  
  67  12:30  Missile Turret  
  67  12:33  Missile Turret  
  63  12:48  Missile Turret  
  63  12:54  Missile Turret  
  63  13:01  Missile Turret  
  63  13:04  Missile Turret  
  63  13:07  Missile Turret  
  63  13:10  Missile Turret  
  63  13:11  Missile Turret  
  63  13:12  Missile Turret  
  63  13:14  Marine, Missile Turret  
  63  13:15  Missile Turret  
  63  13:21  Supply Depot  
  63  13:25  Marine  
  64  13:31  Marine  
  55  13:35  Missile Turret  
  38  13:43  Marine  
  38  13:47  Missile Turret  
  23  13:48  Missile Turret  
  23  13:49  Marine  
  23  13:51  Missile Turret  
  21  13:55  Missile Turret  
  21  13:56  Missile Turret  
  21  13:58  Missile Turret  
  21  14:00  Missile Turret  
  19  14:03  Missile Turret  
Show
View Real Time Build Order
Export as new Build Order

Terran Protoss 

Build Orders: Carriers, Carrier Rush 

Get SALT Encoding   

  12  0:01  Probe  
  13  0:13  Probe  
  14  0:18  Pylon  
  14  0:26  Probe  
  15  0:37  Gateway  
  15  0:42  Assimilator  
  15  0:48  Assimilator  
  15  0:49  Probe  
  16  0:57  Probe  
  17  1:07  Probe  
  18  1:19  Probe  
  19  1:32  Probe  
  20  1:37  Cybernetics Core  
  20  1:43  Probe  
  21  1:51  Probe  
  21  1:52  Pylon  
  22  2:02  Probe  
  23  2:16  Stargate  
  23  2:18  Stargate  
  23  2:21  Probe  
  24  2:29  Pylon  
  24  2:35  Probe  
  25  2:53  Probe  
  26  3:03  Nexus  
  26  3:14  Fleet Beacon  
  26  3:17  Probe  
  27  3:28  Pylon  
  27  3:29  Probe  
  28  3:37  Probe  
  28  3:38  Stargate, Carrier  
  29  4:01  Probe  
  36  4:13  Probe  
  37  4:20  Probe  
  38  4:28  Probe  
  39  4:33  Carrier  
  45  4:47  Probe x2  
  47  4:57  Assimilator x2  
  47  4:59  Probe x2  
  49  5:11  Probe x2  
  51  5:17  Carrier  
  57  5:31  Probe x2  
  59  5:37  Pylon  
  59  5:55  Carrier, Probe x2  
  67  6:00  Nexus, Pylon  
  67  6:09  Probe x2  
  68  6:18  Carrier  
  74  6:48  Pylon  
  74  6:49  Carrier  
  74  6:50  Probe x2  
  72  7:04  Probe  
  72  7:05  Probe  
  61  7:17  Carrier  
  66  7:36  Carrier  
  65  8:03  Probe  
  65  8:04  Probe  
  67  8:10  Pylon  
  67  8:28  Carrier  
  73  8:38  Probe x2  
  75  8:50  Phoenix  
  77  8:56  Phoenix  
  77  9:01  Probe  
  80  9:06  Probe  
  81  9:46  Pylon  
  81  10:00  Phoenix  
  81  10:04  Carrier  
  89  10:18  Probe x2  
  91  10:25  Pylon  
  91  10:32  Phoenix  
  24  11:22  Probe  
  25  11:36  Pylon  
  25  11:38  Probe  
  19  11:40  Pylon  
  19  11:59  Probe  
  20  12:09  Nexus  
  20  12:12  Gateway x2  
  20  12:14  Gateway  
Show
View Real Time Build Order
Export as new Build Order

Throwfordays Protoss - Winner!

Build Orders: Nexus First 

Get SALT Encoding   

  1  0:00  Probe  
  12  0:05  Probe  
  14  0:15  Probe  
  15  0:47  Nexus  
  15  0:56  Pylon  
  15  1:14  Gateway, Probe  
  16  1:25  Gateway  
  16  1:26  Probe  
  17  1:35  Forge  
  17  1:41  Assimilator  
  17  1:43  Probe  
  18  1:55  Probe  
  18  2:01  Cybernetics Core  
  19  2:07  Probe  
  20  2:13  Pylon  
  20  2:16  Probe  
  20  2:20  Pylon  
  21  2:24  Probe  
  21  2:25  Probe  
  21  2:26  Warp Gate  
  23  2:32  Probe  
  23  2:34  Probe  
  25  2:42  Probe  
  25  2:46  Probe  
  27  2:54  Probe  
  28  2:59  Probe  
  29  3:06  Probe  
  29  3:11  Probe  
  31  3:14  Photon Cannon  
  31  3:18  Photon Cannon, Probe  
  32  3:23  Probe  
  32  3:25  Photon Cannon  
  33  3:30  Probe  
  33  3:32  Photon Cannon  
  34  3:35  Probe  
  34  3:39  Photon Cannon  
  35  3:42  Probe  
  35  3:45  Photon Cannon  
  36  3:49  Photon Cannon  
  36  3:52  Probe  
  37  3:56  Pylon  
  37  3:59  Pylon  
  37  4:02  Assimilator  
  37  4:06  Pylon  
  37  4:15  Pylon  
  37  4:23  Photon Cannon  
  37  4:26  Photon Cannon  
  37  4:31  Photon Cannon  
  37  4:35  Photon Cannon  
  37  4:37  Assimilator  
  37  4:44  Photon Cannon  
  37  4:47  Assimilator  
  37  4:48  Photon Cannon  
  37  4:55  Photon Cannon  
  37  4:59  Photon Cannon  
  37  5:02  Probe  
  37  5:03  Probe  
  39  5:10  Probe  
  39  5:15  Probe  
  39  5:19  Probe  
  41  5:23  Stargate  
  41  5:27  Probe  
  43  5:31  Stargate  
  43  5:36  Forge  
  43  5:37  Cybernetics Core  
  43  5:40  Probe  
  43  5:49  Probe  
  45  5:57  Nexus  
  45  6:00  Pylon  
  45  6:02  Pylon  
  45  6:05  Assimilator, Protoss Shields Level 1  
  45  6:09  Assimilator, Void Ray  
  49  6:14  Void Ray  
  53  6:27  Probe  
  53  6:30  Probe  
  55  6:35  Protoss Air Weapons Level 1  
  55  6:39  Probe  
  56  6:40  Protoss Air Armor Level 1  
  56  6:42  Probe  
  57  6:51  Probe  
  58  6:54  Probe  
  59  7:04  Photon Cannon  
  59  7:07  Photon Cannon, Void Ray  
  63  7:11  Photon Cannon  
  63  7:15  Photon Cannon  
  63  7:16  Void Ray  
  63  7:20  Probe  
  63  7:22  Probe  
  69  7:25  Probe  
  70  7:32  Probe  
  70  7:34  Probe  
  72  7:37  Probe  
  74  7:44  Probe  
  74  7:46  Probe  
  74  7:49  Probe  
  76  7:54  Void Ray  
  76  7:56  Probe  
  76  7:58  Probe  
  82  8:01  Probe  
  82  8:02  Void Ray  
  87  8:08  Probe  
  87  8:10  Probe  
  89  8:13  Probe  
  90  8:20  Probe  
  90  8:22  Probe  
  90  8:25  Pylon, Probe  
  93  8:28  Fleet Beacon  
  93  8:32  Pylon, Probe  
  93  8:34  Pylon  
  94  8:36  Pylon  
  94  8:37  Void Ray  
  98  8:44  Twilight Council, Void Ray  
  102  8:51  Pylon  
  102  8:52  Pylon  
  102  8:54  Pylon  
  102  9:00  Stargate  
  102  9:02  Stargate  
  102  9:03  Protoss Shields Level 2  
  102  9:04  Stargate  
  102  9:09  Protoss Air Weapons Level 2  
  102  9:11  Pylon  
  102  9:12  Pylon  
  102  9:14  Pylon  
  102  9:15  Protoss Air Armor Level 2  
  102  9:20  Void Ray  
  106  9:27  Void Ray  
  110  9:54  Void Ray  
  110  9:55  Void Ray  
  110  9:59  Void Ray  
  122  10:05  Nexus  
  122  10:13  Void Ray  
  126  10:14  Void Ray  
  126  10:20  Assimilator  
  130  10:24  Assimilator  
  130  10:45  Void Ray x2  
  130  10:46  Void Ray  
  142  11:09  Void Ray x2  
  150  11:18  Pylon  
  150  11:27  Protoss Air Weapons Level 3  
  150  11:37  Protoss Air Armor Level 3  
  150  12:02  Void Ray x2  
Show
View Real Time Build Order
Export as new Build Order

Cthulhu Zerg - Winner!

Build Orders: Pool First 

Get SALT Encoding   

  12  0:02  Drone  
  13  0:14  Drone  
  13  0:18  Extractor  
  13  0:19  Drone  
  15  0:23  Overlord  
  15  0:44  Drone  
  15  0:48  Extractor  
  15  0:50  Spawning Pool  
  15  0:52  Extractor  
  13  0:58  Drone x2  
  15  1:31  Drone  
  16  1:38  Hatchery  
  15  1:51  Lair  
  15  1:58  Drone  
  15  1:59  Drone  
  17  2:11  Drone x2  
  19  2:32  Drone  
  20  2:42  Drone x2  
  22  2:49  Spire  
  21  2:51  Overlord  
  21  2:53  Drone  
  22  3:03  Queen  
  24  3:14  Queen  
  26  3:31  Drone  
  27  3:36  Drone  
  28  3:54  Overlord  
  28  4:05  Zerg Flyer Weapons Level 1  
  28  4:09  Mutalisk  
  30  4:10  Mutalisk x3  
  30  4:11  Overlord  
  30  4:14  Mutalisk  
  38  4:20  Mutalisk  
  38  4:22  Mutalisk  
  42  4:27  Mutalisk  
  44  4:52  Zergling x12  
  50  5:05  Drone x2  
  50  5:06  Overlord x2  
  46  5:45  Mutalisk  
  46  5:46  Mutalisk x2  
  52  6:01  Corruptor x2  
  48  6:20  Overseer  
  49  6:25  Drone x2  
  49  6:26  Drone x3  
  53  6:37  Extractor  
  53  6:39  Extractor  
  51  6:51  Infestation Pit  
  51  7:22  Zergling x2  
  51  7:23  Zergling x22  
  62  7:56  Corruptor x4  
  62  7:58  Zergling x4  
  58  8:12  Hive  
  58  8:16  Metabolic Boost  
  58  8:25  Queen  
  60  8:27  Drone x3  
  60  8:28  Drone  
  60  8:31  Hatchery  
  63  8:35  Hatchery  
  62  9:00  Corruptor  
  62  9:01  Corruptor x2  
  68  9:04  Overlord x3  
  68  9:40  Zergling x12  
  74  9:49  Drone  
  74  9:50  Drone x4  
  79  10:01  Extractor  
  78  10:10  Zergling x2  
  78  10:11  Zergling x12  
  85  10:29  Hydralisk Den  
  85  10:32  Ultralisk Cavern, Adrenal Glands  
  85  10:35  Burrow  
  83  10:47  Mutalisk x4  
  91  10:51  Drone x3  
  94  11:00  Hydralisk  
  94  11:02  Hydralisk  
  98  11:06  Drone  
  98  11:07  Drone  
  100  11:13  Overlord  
  100  11:18  Drone x2  
  102  11:22  Drone  
  102  11:23  Drone  
  104  11:42  Anabolic Synthesis  
  104  11:48  Evolution Chamber  
  104  11:51  Evolution Chamber  
  104  11:53  Drone  
  103  11:54  Drone x8  
  103  11:55  Drone  
  110  12:42  Zergling x2, Drone  
  110  12:43  Overlord x2  
  110  12:44  Overlord x2  
  78  13:52  Zergling x2  
  78  13:53  Zergling x42  
  78  13:54  Zergling x2  
  101  14:03  Extractor  
  101  14:05  Extractor x2  
Show
View Real Time Build Order
Export as new Build Order

Faust Protoss - Winner!

Build Orders: Nexus First 

Get SALT Encoding   

  12  0:10  Probe  
  13  0:18  Pylon  
  13  0:22  Probe  
  14  0:31  Probe  
  15  0:39  Probe  
  16  0:52  Probe  
  17  1:03  Nexus  
  17  1:07  Probe  
  18  1:14  Assimilator  
  18  1:19  Probe  
  19  1:26  Gateway  
  19  1:31  Probe  
  20  1:45  Probe  
  21  1:50  Assimilator  
  21  2:03  Probe  
  22  2:13  Probe  
  23  2:16  Probe  
  23  2:21  Probe  
  24  2:24  Probe  
  24  2:28  Cybernetics Core  
  24  2:29  Probe  
  27  2:38  Pylon, Probe  
  27  2:42  Probe  
  29  2:46  Probe  
  30  2:54  Pylon, Warp Gate, Probe  
  30  2:55  Probe  
  32  3:06  Probe  
  32  3:08  Twilight Council  
  32  3:10  Gateway  
  32  3:11  Gateway, Probe  
  33  3:14  Probe  
  33  3:19  Probe  
  35  3:25  Gateway, Probe  
  36  3:28  Probe  
  38  3:36  Probe  
  38  3:37  Stalker  
  38  3:40  Probe  
  42  3:46  Assimilator  
  42  3:48  Probe  
  43  3:50  Assimilator  
  43  3:53  Probe  
  44  3:59  Pylon  
  44  4:00  Probe  
  45  4:04  Dark Shrine  
  45  4:06  Pylon  
  45  4:07  Probe  
  46  4:12  Probe  
  47  4:27  Probe  
  47  4:28  Probe  
  47  4:30  Nexus  
  49  4:32  Pylon  
  49  4:44  Probe  
  49  4:47  Probe  
  51  4:53  Probe  
  51  4:56  Pylon  
  53  5:00  Pylon, Probe  
  53  5:02  Pylon  
  53  5:05  Gateway  
  53  5:13  Forge  
  53  5:15  Shadow Stride  
  53  5:18  Dark Templar x4  
  53  5:20  Forge  
  61  5:34  Probe x2  
  63  5:39  Pylon  
  63  5:43  Probe x2  
  63  5:47  Assimilator  
  63  5:48  Probe  
  66  5:51  Assimilator, Probe x2  
  66  5:53  Dark Templar  
  66  5:54  Dark Templar  
  72  6:00  Dark Templar, Probe x3  
  77  6:04  Dark Templar  
  79  6:12  Probe x2  
  81  6:39  Protoss Ground Weapons Level 1  
  69  6:41  Dark Templar x4  
  73  7:10  Stargate  
  73  7:11  Stargate  
  73  7:13  Stargate  
  73  7:14  Pylon  
  73  7:20  Stargate  
  69  7:32  Nexus  
  69  7:33  Pylon  
  69  7:35  Pylon  
  65  7:42  Assimilator  
  65  7:46  Assimilator  
  65  7:48  Void Ray x3  
  65  7:53  Void Ray  
  65  7:57  Cybernetics Core  
  81  8:08  Probe x3  
  84  8:19  Pylon  
  84  8:20  Probe x3  
  84  8:22  Pylon  
  84  8:25  Pylon  
  87  8:28  Photon Cannon  
  87  8:31  Photon Cannon, Void Ray x3  
  87  8:32  Probe x2  
  87  8:33  Probe  
  102  8:36  Void Ray  
  102  8:39  Protoss Air Weapons Level 1, Protoss Air Armor Level 1  
  102  8:44  Probe  
  108  8:55  Probe x2  
  108  8:56  Charge, Probe  
  110  9:03  Gateway  
  110  9:04  Gateway  
  110  9:06  Void Ray x3, Gateway  
  110  9:14  Void Ray  
  126  9:29  Probe x3  
  126  9:30  Probe  
  130  9:41  Probe x2  
  132  9:48  Void Ray  
  132  9:49  Void Ray x2  
  144  9:57  Void Ray  
  148  10:00  Probe  
  148  10:01  Probe x3  
  152  10:21  Protoss Ground Weapons Level 2  
  152  10:31  Void Ray x2  
  152  10:32  Void Ray  
  164  10:40  Void Ray  
  152  11:14  Void Ray x3  
  154  11:23  Void Ray  
  146  11:57  Void Ray x3  
  158  12:05  Protoss Ground Armor Level 1  
  158  12:06  Void Ray  
  162  12:24  Fleet Beacon  
  162  12:36  Pylon  
  162  12:38  Pylon  
  162  12:40  Void Ray x3  
  170  12:48  Void Ray  
  174  13:23  Void Ray x3  
Tags
 
Add a new tag
Caveats
  • Supply blocks, unpowered buildings, or Contaminate may cause inaccurate times.
  • Supply counts are checked every 10 seconds.